 Dungeon Crawl Stone Soup version 0.30-a0-358-g0d69a1922f (webtiles) character file.

Game seed: 14950615149553039089

809 koil the Covered (level 7, 0/87 HPs)
             Began as a Minotaur Wanderer on Nov 9, 2022.
             Was a Follower of Okawaru.
             Succumbed to a gnoll sergeant's poison
             ... on level 5 of the Dungeon.
             The game lasted 00:10:01 (3453 turns).

koil the Covered (Minotaur Wanderer)                Turns: 3453, Time: 00:10:01

Health: 0/87       AC: 13    Str: 18    XL:     7   Next: 61%
Magic:  9/9        EV:  6    Int: 10    God:    Okawaru [*.....]
Gold:   260        SH:  0    Dex:  9    Spells: 9/10 levels left

rFire   . . .      SeeInvis .    g - +2 hand axe (flame)
rCold   . . .      Faith    .    (no shield)
rNeg    . . .      Spirit   .    A - +0 plate armour
rPois   .          Reflect  .    (helmet restricted)
rElec   .          Harm     .    n - +0 cloak
rCorr   .          Rampage  .    (no gloves)
Will    .....                    (no boots)
Stlth   ..........               (no amulet)
HPRegen 0.34/turn                k - +4 ring of slaying
MPRegen 0.11/turn                (no ring)

@: berserking, lethally poisoned (0 -> -18), very quick
A: horns 2, retaliatory headbutt
a: Renounce Religion, Heroism


You were on level 5 of the Dungeon.
You worshipped Okawaru.
Okawaru was aware of your devotion.
You visited 1 branch of the dungeon, and saw 5 of its levels.

You collected 260 gold pieces.

Inventory:

Hand Weapons
 a - a +0 club
 g - a +2 hand axe of flaming (weapon)
 m - a +2 dagger of protection
 C - a +0 war axe
 F - a +1 antimagic bardiche
 I - a +1 flail of holy wrath
Missiles
 h - 3 boomerangs of dispersal
 j - 10 poisoned darts
 y - 2 throwing nets {!f}
Armour
 e - a +0 leather armour
 n - a +0 cloak (worn)
 q - a +0 chain mail
 A - a +0 plate armour (worn)
Jewellery
 k - a +4 ring of slaying (left hand)
 s - a ring of flight
Wands
 c - a wand of polymorph (12)
 G - a wand of paralysis (5)
Scrolls
 b - 2 scrolls of blinking
 f - 3 scrolls of fear
 i - 5 scrolls of identify {unknown}
 l - a scroll of poison {unknown}
 t - 2 scrolls of butterflies {unknown}
 v - a scroll of enchant armour {unknown}
 z - a scroll of vulnerability {unknown}
 B - a scroll of teleportation {unknown}
 D - 2 scrolls of amnesia {unknown}
Potions
 d - 3 potions of haste
 r - a potion of resistance {unknown}
 u - a potion of mutation {unknown}
 w - 3 potions of curing {unknown}
 x - 2 potions of invisibility {unknown}
 E - a potion of attraction {unknown}
 H - a potion of degeneration {unknown}
 J - a potion of flight {unknown}
 K - a potion of might {unknown}


   Skills:
 + Level 3.7 Fighting
 + Level 3.3 Axes
 - Level 1.0 Throwing
 + Level 4.1 Armour
 + Level 3.3 Dodging
 - Level 2.3 Unarmed Combat
 + Level 2.3 Spellcasting
 + Level 2.7 Ice Magic
 - Level 1.0 Invocations
 - Level 3.0 Evocations


You had 9 spell levels left.
You knew the following spells:

 Your Spells              Type           Power      Damage    Failure   Level
a - Freeze                Ice            24%        1d4       98%         1

Your spell library contained the following spells:

 Spells                   Type           Power      Damage    Failure   Level
 Beastly Appendage        Tmut           2%         N/A       100%        1
 Magic Dart               Conj           4%         1d3       100%        1
 Cigotuvi's Dreadful Rot  Necr/Pois/Air  2%         N/A       100%        2
 Poisonous Vapours        Pois/Air       2%         N/A       100%        2
 Wereblood                Tmut           1%         N/A       100%        2
 Frozen Ramparts          Ice            12%        1d2       100%        3
 Hailstorm                Conj/Ice       3%         3d3       100%        3
 Mephitic Cloud           Conj/Pois/Air  1%         N/A       100%        3
 Ozocubu's Armour         Ice            6%         N/A       100%        3
 Spider Form              Tmut/Pois      1%         N/A       100%        3
 Ozocubu's Refrigeration  Ice            3%         4d8       100%        7
 Call Imp                 Summ           Unusable   N/A       N/A         2

Dungeon Overview and Level Annotations

Branches:
Dungeon (5/15)
 Temple: D:4-7

Altars:
Ashenzari
Cheibriados
Elyvilon
Fedhas
Gozag
Makhleb
Okawaru
Xom


Innate Abilities, Weirdness & Mutations

You have a pair of horns on your head.
You reflexively headbutt those who attack you in melee.


Message History

* * * LOW HITPOINT WARNING * * *
You feel extremely sick. The gnoll hits you but does no damage.
The gnoll sergeant closely misses you. The gnoll hits you with a +0 flail.
* * * LOW HITPOINT WARNING * * *
* * * LOW HITPOINT WARNING * * *
You feel very sick.
It was a potion of heal wounds.
You feel much better.
You feel very sick.
The gnoll sergeant hits you but does no damage.
You are more poisoned.
The gnoll hits you but does no damage.
Aiming: Paralyse
Press: ? - help, Shift-Dir - straight line, f - gnoll sergeant
Aim: a gnoll sergeant, wielding a +0 spear of venom, wearing a +0 scale mail and wearing a +0 buckler (chance to affect: 56%)
The gnoll sergeant resists with significant effort.
* * * LOW HITPOINT WARNING * * *
You feel very sick. The worm bites you.
* * * LOW HITPOINT WARNING * * *
The gnoll hits you but does no damage.
The gnoll sergeant hits you but does no damage.
You are more poisoned.
The gnoll hits you with a +0 flail.
* * * LOW HITPOINT WARNING * * *
A red film seems to cover your vision as you go berserk!
You feel yourself moving faster!
You feel mighty!
* * * LOW HITPOINT WARNING * * *
You feel very sick.
The gnoll sergeant hits you but does no damage.
You are more poisoned.
The gnoll hits you but does no damage.
You slice the worm!! You burn the worm.
You kill the worm!
Okawaru accepts your kill.
You barely miss the gnoll.
* * * LOW HITPOINT WARNING * * *
You feel very sick.
You are too berserk!
You die...

#..........#
+..........#
#..........####
#.............#
#####.............#
#.................# .
#..g......##......#
#...##g........####....#
#......@†......# #....#
#.....g).......# #....#
#..............# #....#
#..............# #....#
#.........(....# ######
#..............#
#..............#
###############


You could see a gnoll sergeant and 2 gnolls.

Vanquished Creatures
  A steam dragon (D:4)
  A black bear (D:5)
  An ogre (D:5)
  A scorpion (D:4)
  A hound (D:3)
  2 orc priests (D:4)
  2 iguanas (D:5)
  Terence (D:2)
  2 orc wizards (D:4)
  7 adders
  A gnoll (D:5)
  A shadow imp (D:5)
  A white imp (D:5)
  2 ufetubi (D:5)
  A dart slug (D:3)
  2 worms
  11 orcs
  4 ball pythons
  11 endoplasms
  5 giant cockroaches
  8 goblins
  15 hobgoblins
  10 jackals
  7 quokkas
  A bat (D:3)
  2 frilled lizards (D:3)
  7 kobolds
  5 rats
113 creatures vanquished.

Notes
Turn   | Place    | Note
-------+----------+-------------------------------------------
     0 | D:1      | koil the Minotaur Wanderer began the quest for the Orb.
     0 | D:1      | koil set off with the following items: a +0 club, a scroll
                  | of blinking, a wand of flame (5), a potion of haste, a +0
                  | leather armour, a scroll of fear; and the following spell
                  | memorised: Freeze; and the following spells available to
                  | memorise: Hailstorm.
     0 | D:1      | Reached XP level 1. HP: 14/14 MP: 1/1
    57 | D:1      | Reached XP level 2. HP: 8/22 MP: 2/2
   152 | D:1      | Found a faded altar of an unknown god.
   460 | D:1      | Reached skill level 1 in Fighting
   460 | D:1      | Reached XP level 3. HP: 28/28 MP: 3/3
   745 | D:2      | Noticed Terence
   765 | D:2      | Killed Terence
   766 | D:2      | Reached skill level 1 in Axes
   766 | D:2      | Reached skill level 2 in Armour
   766 | D:2      | Reached skill level 1 in Dodging
   947 | D:2      | Reached XP level 4. HP: 34/35 MP: 4/4
  1584 | D:3      | Found an iron altar of Okawaru.
  1587 | D:3      | Found an opulent altar of Gozag.
  1589 | D:3      | Became a worshipper of Warmaster Okawaru
  1592 | D:3      | Found a white marble altar of Elyvilon.
  1593 | D:3      | Found a snail-covered altar of Cheibriados.
  1596 | D:3      | Found a blossoming altar of Fedhas.
  1597 | D:3      | Found a burning altar of Makhleb.
  2014 | D:3      | Reached XP level 5. HP: 41/41 MP: 6/6
  2230 | D:4      | HP: 8/41 [orc priest/divine providence (16)]
  2243 | D:4      | Reached XP level 6. HP: 17/50 MP: 7/7
  2587 | D:4      | Reached skill level 3 in Armour
  2686 | D:4      | Noticed a steam dragon
  2691 | D:4      | Killed a steam dragon
  2691 | D:4      | Reached * piety under Okawaru
  2692 | D:4      | Reached XP level 7. HP: 46/57 MP: 7/9
  3093 | D:5      | Entered Level 5 of the Dungeon
  3102 | D:5      | Found a broken altar of Ashenzari.
  3147 | D:5      | Found a shimmering altar of Xom.
  3223 | D:5      | Reached skill level 4 in Armour
  3447 | D:5      | HP: 11/58 [poisoned by a gnoll sergeant]
  3448 | D:5      | HP: 5/58 [poisoned by a gnoll sergeant]
  3453 | D:5      | Succumbed to a gnoll sergeant's poison

Illustrated notes

Levels and vault maps discovered:
D:1:      reono_arrival_mine, layout_basic, ebering_ecumenical_altar_rust,
          minmay_box_of_dots
D:2:      layout_basic, minmay_misc_feat_x, uniq_terence
D:3:      layout_loops_ring, minitemple, minmay_increasing_density
D:4:      layout_basic
D:5:      layout_basic, mainiacjoe_overflow_alcove_1,
          mainiacjoe_overflow_catch_the_wave

Skill      XL: |  1  2  3  4  5  6  7 |
---------------+----------------------+-----
Evocations     | 2 3 |  3.0
Fighting       | 1 2 3 |  3.7
Axes           | 1 2 3 |  3.3
Armour         | 2 3 4 |  4.1
Dodging        | 1 2 3 |  3.3
Ice Magic      | 2 |  2.7
Spellcasting   | 2 |  2.3
Throwing       | |  1.0
Unarmed Combat | |  2.3
Invocations    | |  1.0

Action                   |  1- 3 |  4- 6 |  7- 9 || total
-------------------------+-------+-------+-------++-------
Melee: Club              |    11 |       |       ||    11
       Headbutt          |     9 |    11 |     3 ||    23
       Hand axe          |    40 |   102 |    30 ||   172
       Punch             |       |     1 |       ||     1
Evoke: Wand              |     5 |       |     1 ||     6
  Use: Potion            |       |     2 |     2 ||     4
Armor: Leather armour    |     9 |       |       ||     9
       Skin              |     5 |       |       ||     5
       Plate armour      |       |    45 |    34 ||    79
       Chain mail        |       |    10 |       ||    10
Dodge: Dodged            |    36 |    33 |    20 ||    89

Table legend: (Time is in decaauts)
 A = Elapsed time spent in this place.
 B = Non-inter-level travel time spent in this place.
 C = Inter-level travel time spent in this place.
 D = Time resting spent in this place.
 E = Time spent auto-exploring this place.
 F = Levels seen in this place.
 G = Mean time per level.
                   A        B        C        D        E       F      G
               +--------+--------+--------+--------+--------+-----+--------+
         Total |   3499 |   3428 |     71 |     81 |   2703 |   5 |  699.8 |
       Dungeon |   3499 |   3428 |     71 |     81 |   2703 |   5 |  699.8 |
               +--------+--------+--------+--------+--------+-----+--------+

Top non-repeatable levels by time:
     D:4: 894 daAuts
     D:2: 814 daAuts
     D:1: 732 daAuts
     D:3: 695 daAuts
     D:5: 362 daAuts
